 Dungeon Crawl Stone Soup version 0.31.0-1-g2c135a008e (webtiles) character file.

Game seed: 12634342155221336145

1575 qw the Shooter (level 9, -1/65 HPs)
             Began as a Djinni Hunter on Jan 23, 2024.
             Slain by a wight
             ... wielding a +5 great sword
              (5 damage)
             ... on level 6 of the Dungeon.
             The game lasted 00:00:25 (5719 turns).

qw the Shooter (Djinni Hunter)                      Turns: 5719, Time: 00:00:25

Health: -1/65      AC:  8    Str: 16    XL:     9   Next: 14%
Gold:   327        EV: 14    Int: 10    God:
                   SH:  0    Dex: 22

rFire   + + .        a - +0 shortbow
rCold   x . .        (shield currently unavailable)
rNeg    . . .        i - +0 ring mail
rPois   inf          (no helmet)
rElec   .            (no cloak)
rCorr   .            f - +2 pair of gloves
SInv    +            (boots unavailable)
Will    .....        (no amulet)
Stlth   +            e - +6 ring of strength
HPRegen 0.30/turn    k - ring of see invisible
MPRegen 0.00/turn

%: infuse magic (-2 HP)
@: flying
A: sickness immunity, fire resistance 2, cold vulnerability 1, float, innate
caster, HP casting, extra vitality 1
a: no special abilities


You were on level 6 of the Dungeon.
You visited 1 branch of the dungeon, and saw 6 of its levels.

You collected 425 gold pieces.
You spent 98 gold pieces at shops.


Innate Abilities, Weirdness & Mutations

You are immune to sickness and miasma.
You are immune to poison.
Your flesh is very heat resistant. (rF++)
You are vulnerable to cold. (rC-)
You float through the air rather than walking.
You learn spells naturally, not from books.
Your magical power is your life essence.
You have superior vitality. (+4 MHP)


   Skills:
 - Level 5.2 Fighting
 + Level 7.7 Ranged Weapons
 - Level 2.1 Armour
 - Level 5.3 Dodging
 - Level 0.7 Stealth


You knew the following spells:

 Your Spells              Type           Power      Damage    Failure   Level
a - Freeze                Ice            0%         1d3       56%         1
b - Scorch                Fire           0%         2d5       71%         2
c - Ensorcelled Hibernat  Hex/Ice        0%         N/A       71%         2
d - Brom's Barrelling Bo  Conj/Erth      0%         2d3       100%        4
Your spell library was empty.

Inventory:

Hand Weapons
 a - a +0 shortbow (weapon)
Armour
 f - a +2 pair of gloves (worn)
 i - a +0 ring mail (worn)
 m - a +2 cloak
Jewellery
 e - a +6 ring of strength (left hand)
 k - a ring of see invisible (right hand)
Wands
 d - a wand of polymorph (8)
 j - a wand of flame (3)
Scrolls
 b - a scroll of brand weapon {unknown}
 c - a scroll of noise {unknown}
Potions
 g - a potion of enlightenment {unknown}
 h - a potion of curing
 l - a potion of haste

Dungeon Overview and Level Annotations

Branches:
Dungeon (6/15)
 Temple: D:4-7

Altars:
Ashenzari
Cheibriados
Fedhas
Gozag
Hepliaklqana

Shops:
D:3 ?

Annotations:
D:4 1 runed translucent door, qw's ghost, novice GrHu
D:5 2 transporters, qw's ghost, novice GrHu


Message History

You shoot an arrow. The arrow hits the wight.
The wight is severely damaged.
The wight closely misses you.
You shoot an arrow. The arrow hits the wight.
The wight is almost destroyed.
The wight closely misses you.
You shoot an arrow. The arrow closely misses the wight.
The arrow hits the wight.
The wight is moderately damaged.
The wight hits you with a +4 hand axe.
You shoot an arrow. The arrow hits the wight!
You destroy the wight!
You shoot an arrow.
The arrow hits the wight but does no damage.
The wight hits you with a +5 great sword.
You shoot an arrow. The arrow closely misses the wight.
The arrow barely misses the wight.
The wight misses you.
You shoot an arrow.
The arrow hits the wight but does no damage.
The wight closely misses you.
You shoot an arrow. The arrow hits the wight.
The wight is lightly damaged.
The wight misses you.
The wight hits you with a +5 great sword!
You shoot an arrow. The arrow hits the wight.
The wight is lightly damaged.
The wight misses you.
You shoot an arrow. The arrow hits the wight.
The wight is moderately damaged.
The wight hits you with a +5 great sword!
You shoot an arrow.
The arrow hits the wight but does no damage.
The wight is moderately damaged.
The wight hits you with a +5 great sword!
You shoot an arrow.
The arrow hits the wight but does no damage.
The wight is moderately damaged.
The wight hits you with a +5 great sword.
You die...

###.##......# #......<..
#...........###.#...#.##
#.#.##.####.............
#.#.##.####...##....#.##
#.#..............#......
#.####.####.............
#.# #.# ##).#zz.....#
#.# #.#####..##z####.#
#.####...>....##@# .#
#.............##.##
###########.......#
#...###.# #..)# #.#
#[.)###.# #..)....#
#..##.### ###..##.#


You could see 3 wights.

Vanquished Creatures
  Edmund (D:4)
  2 ice beasts (D:5)
  2 centaurs (D:6)
  A kobold brigand (D:6)
  Blork the orc (D:6)
  A bullfrog (D:6)
  5 scorpions
  A wight (D:6)
  A bombardier beetle (D:5)
  2 hounds
  A jelly (D:5)
  3 orc priests
  A sleepcap (D:6)
  4 orc wizards
  Ijyb (D:4)
  7 gnolls (D:5)
  7 adders
  A white imp (D:4)
  2 ufetubi (D:6)
  2 dart slugs
  2 ribbon worms (D:2)
  7 orcs
  6 endoplasms
  4 giant cockroaches
  3 hobgoblins
  3 jackals (D:2)
  9 kobolds
  3 quokkas
  7 ball pythons
  4 bats
  3 goblins
  2 rats
99 creatures vanquished.

Notes
Turn   | Place    | Note
-------+----------+-------------------------------------------
     0 | D:1      | qw the Djinni Hunter began the quest for the Orb.
     0 | D:1      | Reached XP level 1. HP: 18/18 MP: 0/0
     0 | D:1      | 0 ||| qw: Version: 0.3-a-132-g3d54051
     0 | D:1      | 0 ||| qw: Game counter: 614
     0 | D:1      | 0 ||| qw: Melee chars always use a shield: true
     0 | D:1      | 0 ||| qw: God list: Okawaru
     0 | D:1      | 0 ||| qw: Allow faded altars: false
     0 | D:1      | 0 ||| qw: Do Orc after clearing Dungeon:15 true
     0 | D:1      | 0 ||| qw: Do second Lair branch before Depths: true
     0 | D:1      | 0 ||| qw: Lair rune preference: random
     0 | D:1      | 0 ||| qw: Goals: Normal
     0 | D:1      | 0 ||| PLANNING D:1-11
   144 | D:1      | Reached XP level 2. HP: 23/23 MP: 0/0
   532 | D:1      | 532 ||| UPGRADING to +0 pair of gloves.
   537 | D:1      | 537 ||| READING scroll labelled XOASKORCH MELY.
   538 | D:1      | 538 ||| DROPPING scroll of butterflies.
   593 | D:2      | Reached XP level 3. HP: 28/28 MP: 0/0
   593 | D:2      | Learned a level 1 spell: Freeze
   603 | D:2      | Reached skill level 4 in Ranged Weapons
   653 | D:2      | Found a snail-covered altar of Cheibriados.
   658 | D:2      | 658 ||| FLEEEEING.
   717 | D:2      | 717 ||| FLEEEEING.
   785 | D:2      | Reached XP level 4. HP: 25/34 MP: 0/0
   786 | D:2      | 786 ||| FLEEEEING.
   792 | D:2      | 792 ||| STAIRDANCE
  1433 | D:2      | Reached skill level 3 in Fighting
  1665 | D:2      | 1665 ||| UPGRADING to +0 ring mail.
  1675 | D:2      | 1675 ||| DROPPING +0 leather armour.
  1676 | D:2      | 1676 ||| READING scroll labelled VINKOCI UTYCLE.
  1677 | D:2      | 1677 ||| READING scroll labelled GOUVEN MOYMO.
  1677 | D:2      | 1677 ||| ENCHANTING +0 pair of gloves.
  1678 | D:2      | 1678 ||| READING scroll labelled KOEGIF PETRISU.
  1678 | D:2      | 1678 ||| IDENTIFYING silvery potion
  1718 | D:3      | Found Doxkov's Magic Scroll Shoppe.
  1729 | D:3      | 1729 ||| BUYING scroll of identify (28 gold).
  1729 | D:3      | Bought a scroll of identify for 28 gold pieces
  1729 | D:3      | 1729 ||| BUYING scroll of identify (28 gold).
  1729 | D:3      | Bought a scroll of identify for 28 gold pieces
  1729 | D:3      | 1729 ||| BUYING scroll of teleportation (42 gold).
  1729 | D:3      | Bought a scroll of teleportation for 42 gold pieces
  1729 | D:3      | 1729 ||| SHOPLISTING scroll of teleportation (42 gold, have
                  | 36).
  1976 | D:3      | 1976 ||| DRINKING bubbling orange potion.
  1977 | D:3      | 1977 ||| DRINKING metallic golden potion.
  1978 | D:3      | 1978 ||| DRINKING 2 pink potions.
  1992 | D:3      | Reached skill level 1 in Armour
  1992 | D:3      | Reached XP level 5. HP: 40/40 MP: 0/0
  1992 | D:3      | Learned a level 2 spell: Scorch
  2261 | D:3      | Found a broken altar of Ashenzari.
  2261 | D:3      | Found a blossoming altar of Fedhas.
  2261 | D:3      | Found an opulent altar of Gozag.
  2264 | D:3      | Found a hazy altar of Hepliaklqana.
  2337 | D:3      | 2337 ||| UPGRADING to +6 ring of strength.
  2338 | D:3      | 2338 ||| UPGRADING to ring of see invisible.
  2339 | D:3      | 2339 ||| READING 4 scrolls of identify.
  2339 | D:3      | 2339 ||| IDENTIFYING murky amethyst potion
  2340 | D:3      | 2340 ||| READING 3 scrolls of identify.
  2340 | D:3      | 2340 ||| IDENTIFYING fizzy yellow potion
  2341 | D:3      | 2341 ||| DROPPING potion of brilliance.
  2342 | D:3      | 2342 ||| DROPPING potion of degeneration.
  2462 | D:4      | Reached skill level 3 in Dodging
  2469 | D:4      | Reached XP level 6. HP: 33/46 MP: 0/0
  2469 | D:4      | 2469 ||| FLEEEEING.
  2535 | D:4      | Noticed Ijyb
  2553 | D:4      | Killed Ijyb
  2554 | D:4      | 2554 ||| FLEEEEING.
  2844 | D:4      | Reached skill level 5 in Ranged Weapons
  3020 | D:4      | Found a runed translucent door.
  3020 | D:4      | Noticed qw's ghost (novice GrHu)
  3063 | D:4      | 3063 ||| READING 2 scrolls of identify.
  3063 | D:4      | 3063 ||| IDENTIFYING viscous inky potion
  3064 | D:4      | 3064 ||| READING scroll of identify.
  3064 | D:4      | 3064 ||| IDENTIFYING scroll labelled DAUZAEFREARCH
  3065 | D:4      | 3065 ||| READING scroll labelled DASECWAALU.
  3066 | D:4      | 3066 ||| DROPPING potion of berserk rage.
  3067 | D:4      | 3067 ||| DROPPING scroll of poison.
  3153 | D:4      | Noticed Edmund
  3154 | D:4      | 3154 ||| ZAPPING wand of flame (20) at -4,1 (Edmund;
                  | floor).
  3155 | D:4      | 3155 ||| ZAPPING wand of flame (19) at -3,1 (Edmund;
                  | floor).
  3156 | D:4      | 3156 ||| ZAPPING wand of flame (18) at -2,1 (Edmund;
                  | floor).
  3157 | D:4      | 3157 ||| ZAPPING wand of flame (17) at -1,0 (Edmund;
                  | floor).
  3158 | D:4      | 3158 ||| ZAPPING wand of flame (16) at -1,0 (Edmund;
                  | floor).
  3159 | D:4      | 3159 ||| ZAPPING wand of flame (15) at -1,0 (Edmund;
                  | floor).
  3160 | D:4      | 3160 ||| ZAPPING wand of flame (14) at -1,0 (Edmund;
                  | floor).
  3161 | D:4      | 3161 ||| ZAPPING wand of flame (13) at -1,0 (Edmund;
                  | floor).
  3162 | D:4      | 3162 ||| ZAPPING wand of flame (12) at -1,0 (Edmund;
                  | floor).
  3163 | D:4      | 3163 ||| ZAPPING wand of flame (11) at -1,0 (Edmund;
                  | floor).
  3164 | D:4      | 3164 ||| ZAPPING wand of flame (10) at -1,0 (Edmund;
                  | floor).
  3165 | D:4      | 3165 ||| ZAPPING wand of flame (9) at -1,0 (Edmund; floor).
  3166 | D:4      | 3166 ||| ZAPPING wand of flame (8) at -1,0 (Edmund; floor).
  3167 | D:4      | 3167 ||| ZAPPING wand of flame (7) at -1,0 (Edmund; floor).
  3168 | D:4      | 3168 ||| ZAPPING wand of flame (6) at -1,0 (Edmund; floor).
  3169 | D:4      | 3169 ||| ZAPPING wand of flame (5) at -1,0 (Edmund; floor).
  3170 | D:4      | 3170 ||| ZAPPING wand of flame (4) at -1,0 (Edmund; floor).
  3171 | D:4      | 3171 ||| ZAPPING wand of flame (3) at -1,0 (Edmund; floor).
  3171 | D:4      | Killed Edmund
  3172 | D:4      | Reached XP level 7. HP: 26/52 MP: 0/0
  3172 | D:4      | Learned a level 2 spell: Ensorcelled Hibernation
  3172 | D:4      | 3172 ||| FLEEEEING.
  3305 | D:4      | 3305 ||| FLEEEEING.
  3551 | D:5      | Entered Level 5 of the Dungeon
  3554 | D:5      | 3554 ||| STAIRDANCE
  3564 | D:4      | 3564 ||| FLEEEEING.
  3661 | D:5      | 3661 ||| STAIRDANCE
  3765 | D:5      | Reached skill level 6 in Ranged Weapons
  3779 | D:5      | HP: 8/52 [ice beast (15)]
  3780 | D:5      | 3780 ||| READING 3 scrolls of teleportation.
  3780 | D:5      | HP: 1/52 [ice beast (7)]
  3781 | D:5      | 3781 ||| DRINKING potion of heal wounds.
  3911 | D:5      | HP: 13/52 [gnoll/+0 club (5)]
  3912 | D:5      | 3912 ||| READING 2 scrolls of teleportation.
  4125 | D:5      | 4125 ||| READING scroll of enchant armour.
  4125 | D:5      | 4125 ||| ENCHANTING +1 pair of gloves.
  4157 | D:5      | Reached XP level 8. HP: 58/58 MP: 0/0
  4518 | D:5      | 4518 ||| FLEEEEING.
  4691 | D:5      | Reached skill level 7 in Ranged Weapons
  4703 | D:5      | Found a transporter.
  4705 | D:5      | Found a transporter.
  4706 | D:5      | Noticed qw's ghost (novice GrHu)
  4842 | D:5      | 4842 ||| READING scroll of identify.
  4842 | D:5      | 4842 ||| IDENTIFYING brown potion
  4843 | D:5      | 4843 ||| READING scroll labelled PUECLA UDAS.
  4844 | D:5      | 4844 ||| FLEEEEING.
  5062 | D:6      | HP: 14/58 [centaur/arrow (12)]
  5063 | D:6      | 5063 ||| READING scroll of teleportation.
  5065 | D:6      | 5065 ||| FLEEEEING.
  5235 | D:6      | Noticed Blork the orc
  5252 | D:6      | HP: 14/59 [Blork the orc/+0 flail (5)]
  5254 | D:6      | Killed Blork the orc
  5343 | D:6      | Reached XP level 9. HP: 30/65 MP: 0/0
  5343 | D:6      | Learned a level 4 spell: Brom's Barrelling Boulder
  5717 | D:6      | HP: 16/65 [wight/+5 great sword (16)]
  5718 | D:6      | HP: 4/65 [wight/+5 great sword (13)]
  5719 | D:6      | Slain by a wight

Levels and vault maps discovered:
D:1:      spicycebolla_green_bress_n_ham_2, layout_basic
D:2:      minmay_alternating_diamond, layout_loops_corners, basic_altar
D:3:      layout_basic, minitemple, serial_shops, shop,
          hangedman_abyss_or_decor_stabs, kennysheep_doodads
D:4:      layout_loops_corners, hellmonk_ghost_happy_afterlife, uniq_ijyb,
          uniq_edmund
D:5:      layout_cave_pods, gammafunk_ghost_smash, minmay_misc_feat_four_crosses
D:6:      layout_loops_ring, serial_shops, shop, uniq_blork_the_orc

Skill      XL: |  1  2  3  4  5  6  7  8 |
---------------+-------------------------+-----
Ranged Weapons | 4 5 6 7 |  7.7
Fighting       | 3 4 5 |  5.2
Armour         | 1 2 |  2.1
Dodging        | 3 4 5 |  5.3
Stealth        | |  0.7

Action                     |  1- 3 |  4- 6 |  7- 9 || total
---------------------------+-------+-------+-------++-------
   Fire: Shortbow          |    74 |   162 |   299 ||   535
  Evoke: Wand              |       |    18 |       ||    18
    Use: Scroll            |     1 |     8 |     6 ||    15
         Potion            |       |     3 |     1 ||     4
 Armour: Leather armour    |    25 |    25 |       ||    50
         Skin              |       |    14 |       ||    14
         Ring mail         |       |    49 |   152 ||   201
  Dodge: Dodged            |    48 |    68 |   140 ||   256

Table legend:
 A = Non-vault XP
 B = Vault XP
 C = Vault XP percentage of total XP
 D = Non-vault monster count
 E = Vault monster count
 F = Vault count percentage of total count
                 A         B        C        D         E       F
            +---------+---------+-------+---------+---------+-------
      Total |    1927 |     324 |  14.4 |      90 |       9 |   9.1
            +---------+---------+-------+---------+---------+-------
        D:1 |      24 |       0 |   0.0 |      13 |       0 |   0.0
        D:2 |      70 |      33 |  32.0 |      17 |       6 |  26.1
        D:3 |      67 |       0 |   0.0 |      10 |       0 |   0.0
        D:4 |     306 |     197 |  39.2 |      15 |       2 |  11.8
        D:5 |     771 |       0 |   0.0 |      19 |       0 |   0.0
        D:6 |     689 |      94 |  12.0 |      16 |       1 |   5.9
            +---------+---------+-------+---------+---------+-------
